 Dungeon Crawl Stone Soup version 0.18.1-48-g4cf74bf (webtiles) character file.

27776 grulito the Warrior (level 13, -8/127 HPs)
             Began as a Minotaur Fighter on June 29, 2016.
             Mangled by a death yak (21 damage)
             ... on level 6 of the Lair of Beasts.
             The game lasted 00:58:10 (15205 turns).

grulito the Warrior (Minotaur Fighter)             Turns: 15205, Time: 00:58:11

Health: -8/127     AC: 16    Str: 23    XL:     13   Next: 6%
Magic:  5/5        EV:  6    Int:  5    God:
Gold:   810        SH: 15    Dex: 17    Spells: 0 memorised, 12 levels left

rFire  . . .     SeeInvis +     e - +10 trident of the Orb {antimagic, rC+++ MR- Dex+4 SInv}
rCold  + + +     Gourm    .     D - +1 plate armour {rC+}
rNeg   . . .     Faith    .     c - +0 shield
rPois  .         Spirit   .     (helmet restricted)
rElec  .         Dismiss  .     (no cloak)
rCorr  .         Reflect  +     (no gloves)
SustAt +         Harm     .     (no boots)
MR     .....                    f - +5 amulet of reflection
Stlth  ..........               A - ring of sustain attributes
                                J - ring of see invisible

@: not resistant to hostile enchantments, extremely unstealthy
A: retaliatory headbutt, horns 2
a: no special abilities


You were on level 6 of the Lair of Beasts.
You were not hungry.

You visited 2 branches of the dungeon, and saw 16 of its levels.

You collected 810 gold pieces.

Inventory:

Hand Weapons
 a - a +0 war axe
 e - the +10 trident of the Orb (weapon) {antimagic, rC+++ MR- Dex+4 SInv}
   (You took it off an orc on level 7 of the Dungeon)

   It disrupts the flow of magical energy around spellcasters and certain
   magical creatures (including the wielder).
   It affects your dexterity (+4).
   It renders you almost immune to cold.
   It affects your resistance to hostile enchantments.
   It lets you see invisible.
 m - a +0 flail of holy wrath
 v - a +0 flail
Missiles
 l - 292 stones (quivered)
 y - 9 tomahawks
Armour
 c - a +0 shield (worn)
 D - a +1 plate armour of cold resistance (worn)
Rods
 j - a +0 rod of ignition (12/12)
   (You found it on level 4 of the Lair of Beasts)
 H - a +0 rod of clouds (10/10)
   (You found it on level 6 of the Dungeon)
 O - a +2 rod of clouds (13/13)
   (You found it on level 8 of the Dungeon)
Jewellery
 f - a +5 amulet of reflection (around neck)
 g - the ring "Uvoin" {rPois Int+9}
   (You found it on level 3 of the Lair of Beasts)

   [ring of poison resistance]

   It affects your intelligence (+9).
   It protects you from poison.
 q - an uncursed ring of protection from cold
 A - a ring of sustain attributes (right hand)
 E - an uncursed amulet of guardian spirit
 J - a ring of see invisible (left hand)
Wands
 b - a wand of acid (3/15)
 h - a wand of iceblast (8/15)
 o - a wand of slowing (16/48)
 s - a wand of iceblast (5/15)
 B - a wand of slowing (30/48)
 C - a wand of disintegration (8/24)
 M - a wand of polymorph (9/24)
 Q - a wand of disintegration (12/24)
 R - a wand of polymorph (16/24)
 X - a wand of paralysis (9/24)
Scrolls
 i - 4 scrolls of enchant weapon
 k - 9 scrolls of remove curse
 t - a scroll of vulnerability {unknown}
 x - 4 scrolls of teleportation
 V - a scroll of magic mapping
 W - 2 scrolls of amnesia
 Y - a scroll of blinking
Potions
 d - a potion of might
 n - 3 potions of resistance
 p - a potion of cancellation
 r - 2 potions of magic
 u - a potion of invisibility {unknown}
 w - 6 potions of curing
 I - 2 potions of haste
 L - 2 potions of brilliance
 S - a potion of heal wounds {unknown}
 Z - a potion of mutation
Comestibles
 z - 3 beef jerkies
 F - 3 meat rations
 K - 6 slices of pizza
 N - 3 bread rations
 T - 2 fruits


   Skills:
 * Level 15.5 Fighting
 - Level 9.0(12.0) Axes
 + Level 12.8(13.7) Polearms
 - Level 0.8 Throwing
 + Level 12.9 Armour
 - Level 2.7 Dodging
 - Level 0.8 Stealth
 - Level 3.6 Shields
 * Level 4.4 Evocations


You had 12 spell levels left.
You didn't know any spells.

Dungeon Overview and Level Annotations

Branches:
Dungeon (10/15)            Temple (0/1) D:7            Lair (6/8) D:10
  Snake (0/4) Lair:4
  Swamp: Lair:3-6    Shoals: Lair:3-6     Slime: Lair:6-8       Orc: D:9-12

Altars:
Ashenzari
Cheibriados
Dithmenos
Fedhas
Kikubaaqudgha
Makhleb
Nemelex Xobeh
Sif Muna
Vehumet
The Shining One

Shops:
D:4 *


Innate Abilities, Weirdness & Mutations

You reflexively headbutt those who attack you in melee.
You have a pair of horns on your head.


Message History

The death yak is severely wounded.
The death yak gores you. The death yak gores you!
* * * LOW HITPOINT WARNING * * *
You are too injured to fight recklessly!
You feel better. The death yak gores you!
* * * LOW HITPOINT WARNING * * *
You block the death yak's attack. The death yak barely misses you.
You furiously retaliate!
You headbutt the death yak, but do no damage.
The death yak gores you.
* * * LOW HITPOINT WARNING * * *
You see here the +7 captain's cutlass {speed, disarm}.
You block the death yak's attack.
There is a stone staircase leading down here.
You block the death yak's attack. The death yak gores you!!
* * * LOW HITPOINT WARNING * * *
You climb downwards.
There is a stone staircase leading up here.
You feel better. The death yak gores you!!
You die...

......... .
........## .#
.........##.
...........
........
....P ##.#.Y#
#....@#
♣♣...YP.#
♣..........
♣♣...........
♣♣.♣...#.###
♣♣♣..###.#
≈..P #.. ....
..


You could see 2 death yaks.

Vanquished Creatures
  Rupert (Lair:3)
  Erolcha (D:9)
  A hydra (Lair:1)
  Erica (Lair:1)
  A death yak (Lair:5)
  A hill giant (D:8)
  A manticore (D:10)
  A griffon (Lair:2)
  3 black mambas
  Joseph (D:8)
  12 spiny frogs
  A komodo dragon (Lair:2)
  3 blink frogs (Lair:4)
  26 yaks
  Grum (D:9)
  A human (D:9)
  3 hungry ghosts
  8 hippogriffs
  Duvessa (D:4)
  8 porcupines
  8 water moccasins
  3 orc warriors
  2 sky beasts
  3 ice beasts
  A wasp (D:9)
  12 ogres
  2 phantoms
  A black bear (D:8)
  5 centaurs
  10 crocodiles
  20 wolves
  2 big kobolds
  10 giant frogs
  Dowan (D:4)
  5 scorpions
  4 killer bees (D:8)
  13 wights
  A howler monkey (D:6)
  A jelly (D:8)
  7 crimson imps
  2 giant frog zombies
  2 centaur zombies
  2 quasits
  6 hounds
  An orc priest (D:5)
  A centaur skeleton (D:8)
  3 giant frog skeletons
  12 iguanas
  9 orc wizards
  13 worker ants
  A killer bee zombie (D:5)
  22 sheep
  2 hound zombies
  2 hound skeletons
  4 gnolls (D:4)
  10 adders
  14 river rats (Lair:1)
  4 shadow imps
  2 oozes
  4 worms
  7 giant geckos
  38 orcs
  7 giant cockroaches
  11 goblins
  7 hobgoblins
  16 jackals
  16 kobolds
  5 quokkas
  A ball python (D:3)
  7 bats
  A giant gecko skeleton (D:4)
  3 giant newts
  A jackal zombie (D:8)
  2 quokka zombies
  2 rats
  A bush (D:1)
  A plant (Lair:2)
429 creatures vanquished.

Vanquished Creatures (others)
  A fungus (Lair:2)
1 creature vanquished.

Grand Total: 430 creatures vanquished

Notes
Turn   | Place    | Note
--------------------------------------------------------------
     0 | D:1      | grulito the Minotaur Fighter began the quest for the Orb.
     0 | D:1      | Reached XP level 1. HP: 19/19 MP: 0/0
   466 | D:1      | Reached skill level 4 in Fighting
   633 | D:1      | Reached XP level 2. HP: 27/27 MP: 1/1
  1204 | D:2      | Reached XP level 3. HP: 34/34 MP: 2/2
  1279 | D:2      | Found an ancient bone altar of Kikubaaqudgha.
  1479 | D:2      | Found a deep blue altar of Sif Muna.
  1998 | D:3      | Reached XP level 4. HP: 30/41 MP: 3/3
  2004 | D:3      | Reached skill level 1 in Dodging
  2806 | D:4      | Reached skill level 5 in Fighting
  2811 | D:4      | Reached XP level 5. HP: 19/48 MP: 4/4
  3034 | D:4      | Noticed Duvessa
  3035 | D:4      | Noticed Dowan
  3055 | D:4      | Killed Duvessa
  3057 | D:4      | Reached XP level 6. HP: 35/56 MP: 5/5
  3072 | D:4      | Killed Dowan
  3072 | D:4      | Reached skill level 5 in Axes
  3311 | D:4      | Found Bulidoj's General Store.
  3533 | D:4      | Reached skill level 5 in Armour
  3641 | D:4      | Found a burning altar of Makhleb.
  3641 | D:4      | Noticed a green death
  3644 | D:4      | Noticed a hellwing
  3644 | D:4      | Noticed a neqoxec
  3718 | D:4      | Reached skill level 6 in Fighting
  3772 | D:4      | Found a snail-covered altar of Cheibriados.
  3945 | D:5      | Entered Level 5 of the Dungeon
  4000 | D:5      | Reached XP level 7. HP: 63/63 MP: 6/6
  4298 | D:5      | Reached skill level 7 in Fighting
  4805 | D:5      | Reached XP level 8. HP: 68/73 MP: 7/7
  4936 | D:6      | Found a sparkling altar of Nemelex Xobeh.
  5047 | D:6      | Reached skill level 8 in Fighting
  5421 | D:6      | Found a glowing golden altar of the Shining One.
  5652 | D:7      | Reached skill level 9 in Fighting
  5700 | D:7      | Reached XP level 9. HP: 32/83 MP: 0/8
  5707 | D:7      | Got a brightly glowing trident {antimagic}
  5932 | D:7      | Identified the +10 trident of the Orb {antimagic, rC+++ MR- Dex+4 SInv} (You took it off an orc on level 7 of the Dungeon)
  6024 | D:7      | Found a staircase to the Ecumenical Temple.
  6224 | D:7      | Reached skill level 1 in Polearms
  6343 | D:7      | Found a blossoming altar of Fedhas.
  6504 | D:7      | Reached skill level 10 in Fighting
  7355 | D:8      | Found a radiant altar of Vehumet.
  7421 | D:8      | Noticed Joseph
  7721 | D:8      | Reached XP level 10. HP: 90/94 MP: 3/9
  7728 | D:8      | Noticed a hill giant
  7740 | D:8      | Killed a hill giant
  7740 | D:8      | Reached skill level 11 in Fighting
  7740 | D:8      | Reached skill level 5 in Polearms
  7908 | D:8      | Reached skill level 10 in Armour
  8008 | D:8      | Killed Joseph
  8391 | D:8      | Found a shadowy altar of Dithmenos.
  9237 | D:9      | Noticed Erolcha
  9245 | D:9      | Killed Erolcha
  9439 | D:9      | Found a shattered altar of Ashenzari.
  9440 | D:9      | Noticed Grum
  9462 | D:9      | Reached skill level 12 in Fighting
  9469 | D:9      | Killed Grum
  9712 | D:9      | Saw a vision of the Shoals and the Snake Pit.
  9712 | D:9      | Noticed a black mamba
  9712 | D:9      | Noticed a mana viper
  9712 | D:9      | Noticed a salamander
  9712 | D:9      | Noticed a naga warrior
  9712 | D:9      | Noticed a naga warrior
  9713 | D:9      | Noticed a siren
  9713 | D:9      | Noticed a shock serpent
  9713 | D:9      | Noticed a salamander
  9807 | D:9      | Reached XP level 11. HP: 97/104 MP: 2/10
 10511 | D:10     | Entered Level 10 of the Dungeon
 11181 | D:10     | Found a staircase to the Lair.
 11407 | Lair:1   | Entered Level 1 of the Lair of Beasts
 11413 | Lair:1   | Reached skill level 10 in Polearms
 11422 | Lair:1   | Reached skill level 13 in Fighting
 11710 | Lair:1   | Noticed Erica
 11718 | Lair:1   | Killed Erica
 11739 | Lair:1   | Reached skill level 1 in Evocations
 12128 | Lair:1   | Noticed an eight-headed hydra
 12134 | Lair:1   | Killed an eight-headed hydra
 12134 | Lair:1   | Reached XP level 12. HP: 112/116 MP: 2/12
 12566 | Lair:2   | Reached skill level 14 in Fighting
 13461 | Lair:3   | Identified a +0 rod of clouds (10/10) (You found it on level 6 of the Dungeon)
 13470 | Lair:3   | Got a vibrating iron ring
 13473 | Lair:3   | Identified the ring "Uvoin" {rPois Int+9} (You found it on level 3 of the Lair of Beasts)
 13622 | Lair:3   | Noticed Rupert
 13627 | Lair:3   | Paralysed by Rupert for 3 turns
 13651 | Lair:3   | Killed Rupert
 13980 | Lair:3   | Reached skill level 15 in Fighting
 14627 | Lair:4   | Found a staircase to the Snake Pit.
 14993 | Lair:4   | Reached XP level 13. HP: 127/127 MP: 5/15
 15203 | Lair:5   | HP: 4/127 [death yak (20)]
 15205 | Lair:6   | Mangled by a death yak

Skill      XL: |  1  2  3  4  5  6  7  8  9 10 11 12 |
---------------+-------------------------------------+-----
Fighting       | 4 5 6 7 9 10 12 13 15 | 15.5
Axes           | 3 4 5 6 8 9 |  9.0
Armour         | 4 5 6 7 9 10 12 | 12.9
Dodging        | 1 2 |  2.7
Polearms       | 4 8 10 12 | 12.8
Evocations     | 2 4 |  4.4
Throwing       | |  0.8
Stealth        | |  0.8
Shields        | |  3.6

Action                   |  1- 3 |  4- 6 |  7- 9 | 10-12 | 13-15 || total
-------------------------+-------+-------+-------+-------+-------++-------
Melee: War axe           |   141 |   107 |   195 |       |       ||   443
       Headbutt          |    27 |    23 |    72 |   164 |     6 ||   292
       Trident           |       |       |   155 |   758 |    17 ||   930
Throw: Stone             |     7 |       |     4 |       |       ||    11
Evoke: Wand              |       |     1 |       |     2 |       ||     3
  Use: Scroll            |       |     6 |     5 |    17 |       ||    28
       Potion            |       |     1 |     3 |       |     2 ||     6
  Eat: Beef jerky        |     1 |       |       |       |       ||     1
       Chunk             |     2 |     1 |     2 |    11 |       ||    16
       Bread ration      |       |     1 |     2 |     1 |       ||     4
       Fruit             |       |     1 |     1 |       |       ||     2
       Meat ration       |       |       |     1 |     2 |       ||     3
       Pizza             |       |       |       |     2 |     1 ||     3
Armor: Scale mail        |     8 |       |       |       |       ||     8
       Chain mail        |    61 |    49 |   103 |       |       ||   213
       Plate armour      |       |       |    19 |   219 |     5 ||   243
Dodge: Dodged            |    24 |    22 |    73 |    86 |     2 ||   207
Block: Shield            |    69 |    58 |   157 |   240 |    12 ||   536
